 Dungeon Crawl Stone Soup version 0.30-b1-2-g02819fbbbe (webtiles) character file.

Game seed: 6607788221860075334

32 Alarkh the Insei (level 3, 29/29 HPs)
             Began as a Demonspawn Chaos Knight on May 20, 2023.
             Was a Plaything of Xom.
             Got out of the dungeon alive.
             The game lasted 00:01:29 (1174 turns).

Alarkh the Insei (Demonspawn Chaos Knight)          Turns: 1174, Time: 00:01:30

Health: 29/29      AC:  5    Str: 12    XL:     3   Next: 8%
Magic:  3/3        EV: 13    Int: 15    God:    Xom [....*.]
Gold:   27         SH:  0    Dex: 12    Spells: 2/2 levels left

rFire   . .          .
                       - Unarmed
rCold   . . .        (no shield)
rNeg    . . .        a - +2 leather armour
rPois   .            (helmet restricted)
rElec   .            (no cloak)
rCorr   .            (no gloves)
SInv    .            (no boots)
Will    .....        (no amulet)
Stlth   +            (no ring)
HPRegen 0.24/turn    (no ring)
MPRegen 0.08/turn

%: no passive effects
@: no status effects
A: antennae 1, repulsion field 1
a: Renounce Religion


You escaped.
You worshipped Xom.
You were a beloved toy of Xom.
You visited 1 branch of the dungeon, and saw 2 of its levels.

You collected 27 gold pieces.

Inventory:

Armour
 a - a +2 leather armour (worn)
 e - a +0 helmet
Scrolls
 c - a scroll of identify {unknown}
 g - a scroll of enchant weapon {unknown}
Potions
 d - 2 potions of haste {unknown}
 f - a potion of resistance {unknown}
Miscellaneous
 b - a piece from Xom's chessboard (15/15) (quivered)


   Skills:
 + Level 3.4 Fighting
 - Level 1.7 Armour
 - Level 0.8 Dodging
 * Level 3.5 Unarmed Combat


You had 2 spell levels left.
You didn't know any spells.
Your spell library was empty.

Dungeon Overview and Level Annotations

Branches:
Dungeon (2/15)

Altars:

Shops:
D:1 !


Innate Abilities, Weirdness & Mutations

You have a pair of small antennae on your head.
You are surrounded by a mild repulsion field. (EV +2)


Message History

A pair of antennae grows on your head!
Your +0 helmet falls away!
Xom is amused.
You hit the endoplasm.
The endoplasm is heavily wounded.
The endoplasm hits you but does no damage.
You barely miss the endoplasm.
The endoplasm is heavily wounded.
The endoplasm closely misses you.
You hit the endoplasm but do no damage.
The endoplasm is moderately wounded.
The endoplasm freezes you.
You are frozen.
You hit the endoplasm but do no damage.
The endoplasm is moderately wounded.
The endoplasm freezes you.
You are frozen.
You hit the endoplasm.
You kill the endoplasm!
No target in view!
No target in view!
No target in view!
(D) Dungeon
Where to? (Enter - D:2, ? - help)
g - a scroll labelled BESOG OFAIGOEJ
There is a stone staircase leading up here.
You climb upwards.
There is a stone staircase leading down here.
Unknown command.
Unknown command.
There is an open door here.
HP restored.
There is an open door here.
There is an open door here.
There is an open door here.
There is an open door here.
There is an open door here.
There is a staircase leading out of the dungeon here.
Are you sure you want to leave the Dungeon?
This will make you lose the game!
You have escaped!

..........'.⌠.'.).'.⌠.'.⌠.#
..........#...#...#...#...#
..........##'###########'##
..#....>..#...#...#...#...#
##.##.....#...'...'...#.⌠.#
#.⌠.##....#...#...#...#...#
##.####...##'#######'###'##
#♣###.#...#...#...#...#...### .#
#.⌠.#..#.⌠.#.@.'...#.⌠.'.#
###♣#.#...#...#...#...#...#.###
##.###..+###############'##...#
#.⌠.###..##...#...#...#...#...#
.#.#.##...#...'.⌠.'...'...'...###
#.###.#...#...#...#...#...#......
.###.⌠.#..######'##########......
###.#.#..## #.##.......'......
##.####..# #....#######......


There were no monsters in sight!

Vanquished Creatures
  3 dart slugs
  2 ball pythons (D:1)
  3 endoplasms
  2 giant cockroaches (D:1)
  3 hobgoblins (D:1)
  3 jackals (D:1)
  A kobold (D:1)
  A frilled lizard (D:1)
  A goblin (D:1)
  4 rats
23 creatures vanquished.

Notes
Turn   | Place    | Note
-------+----------+-------------------------------------------
     0 | D:1      | Alarkh the Demonspawn Chaos Knight began the quest for the
                  | Orb.
     0 | D:1      | Reached XP level 1. HP: 18/18 MP: 1/1
   197 | D:1      | Gained mutation: You are surrounded by a mild repulsion
                  | field. (EV +2) [demonic ancestry]
   197 | D:1      | Reached XP level 2. HP: 24/24 MP: 2/2
   228 | D:1      | Found a faded altar of an unknown god.
   535 | D:1      | Found Kujamarch's Distillery.
   690 | D:1      | XOM: silly message
  1014 | D:1      | XOM: silly message
  1122 | D:2      | Gained mutation: You have a pair of small antennae on your
                  | head. [demonic ancestry]
  1122 | D:2      | Reached XP level 3. HP: 29/29 MP: 3/3
  1174 | D:$      | Got out of the dungeon alive.

Illustrated notes

Levels and vault maps discovered:
D:1:      co_arrival_random_square_maze, layout_basic, basic_ecumenical_altar,
          serial_shops, shop, grunt_decor_mini_mirrors
D:2:      layout_basic

Skill      XL: |  1 |
---------------+----+-----
Unarmed Combat | 3 |  3.5
Fighting       | |  3.4
Armour         | |  1.7
Dodging        | |  0.8

Action                     || total
---------------------------++-------
  Melee: Unarmed           ||    95
         Punch             ||     2
   Stab: Sleeping          ||     1
 Armour: Leather armour    ||    28
  Dodge: Dodged            ||    69
